PA
CHICAGO TULA @ MANCELONA TORCH
07/28/2034
 
TOP OF THE 1ST
Chicago Tula batting - Pitching for Mancelona Torch : LHP Jong-yong Ha
Pitching: LHP Jong-yong Ha
Batting: SHB Naif Na'Il bin Musa 0-0: Called Strike
0-1: Ball
1-1: Ball
2-1: Foul Ball, location: 2F
2-2: Foul Ball, location: 2F
2-2: SINGLE (Groundball, 6M) (infield hit)
Batting: SHB Sean Worley 0-0: Foul Ball, location: 2F
0-1: Ball
Wild Pitch!
Naif Na'Il bin Musa to second
1-1: Ball
2-1: Ball
3-1: Foul Ball, location: 2F
3-2: SINGLE (Line Drive, 9S)
Naif Na'Il bin Musa to third
Batting: RHB Eric Deweese 0-0: Ball
1-0: Foul Ball, location: 2F
1-1: Foul Ball, location: 2F
1-2: Fielders Choice at 2nd, 6-4 (Groundball, 6MD)
Naif Na'Il bin Musa scores
Batting: LHB Pancho González 0-0: Fly out, F7 (Line Drive, 78D)
Now in LF: Bryan Uchacz
Batting: RHB Frank de Blooys 0-0: Ball
1-0: SINGLE (Groundball, 34S) (infield hit)
Eric Deweese to second
Batting: RHB Lorenzo Varela 0-0: Swinging Strike
0-1: Ball
1-1: Ball
2-1: Ground out 6-3 (Groundball, 6M)
Top of the 1st over - 1 run, 3 hits, 0 errors, 2 left on base; Chicago 1 - Mancelona 0
BOTTOM OF THE 1ST
Mancelona Torch batting - Pitching for Chicago Tula : RHP Carlos Vargas
Pitching: RHP Carlos Vargas
Batting: LHB Charles Godard 0-0: Swinging Strike
0-1: Fly out, F4 (Popup, 4)
Batting: LHB Ed Holte 0-0: Foul Ball, location: 2F
0-1: Ball
1-1: Swinging Strike
1-2: Ball
2-2: Ball
3-2: Foul Ball, location: 2F
3-2: Foul Ball, location: 2F
3-2: Strikes out swinging
Batting: RHB Bryan Uchacz 0-0: Foul Ball, location: 2F
0-1: Called Strike
0-2: Ground out 6-3 (Groundball, 6)
Bottom of the 1st over - 0 runs, 0 hits, 0 errors, 0 left on base; Chicago 1 - Mancelona 0
TOP OF THE 2ND
Chicago Tula batting - Pitching for Mancelona Torch : LHP Jong-yong Ha
Batting: RHB Brian Rowe 0-0: Ball
1-0: Ground out 5-3 (Groundball, 56S)
Batting: RHB Tae-wan Kim 0-0: Ball
1-0: Called Strike
1-1: Ball
2-1: Foul Ball, location: 2F
2-2: Strikes out looking
Batting: RHB Charlie Passell 0-0: Foul Ball, location: 2F
0-1: Ball
1-1: Foul Ball, location: 2F
1-2: Ball
2-2: Ball
3-2: SINGLE (Groundball, 4MD)
Batting: SHB Naif Na'Il bin Musa 0-0: Ball
1-0: Ball
2-0: Called Strike
2-1: Ball
3-1: Base on Balls
Charlie Passell to second
Batting: SHB Sean Worley 0-0: Ball
1-0: Called Strike
1-1: Foul Ball, location: 2F
1-2: Strikes out swinging
Top of the 2nd over - 0 runs, 1 hit, 0 errors, 2 left on base; Chicago 1 - Mancelona 0
BOTTOM OF THE 2ND
Mancelona Torch batting - Pitching for Chicago Tula : RHP Carlos Vargas
Batting: SHB Arend van der Veen 0-0: Ball
1-0: Called Strike
1-1: Called Strike
1-2: Ball
2-2: Strikes out swinging
Batting: LHB Duncan Witteman 0-0: Ball
1-0: Called Strike
1-1: Ball
2-1: Called Strike
2-2: Ball
3-2: Fly out, F7 (Line Drive, 7S)
Batting: RHB Magtanggol Florencio 0-0: Foul Ball, location: 2F
0-1: Ball
1-1: Called Strike
1-2: Foul Ball, location: 2F
1-2: Foul Ball, location: 2F
1-2: Foul Ball, location: 2F
1-2: Strikes out swinging
Bottom of the 2nd over - 0 runs, 0 hits, 0 errors, 0 left on base; Chicago 1 - Mancelona 0
TOP OF THE 3RD
Chicago Tula batting - Pitching for Mancelona Torch : LHP Jong-yong Ha
Batting: RHB Eric Deweese 0-0: Foul Ball, location: 2F
0-1: Ball
1-1: Ball
2-1: Foul Ball, location: 2F
2-2: Strikes out looking
Batting: LHB Pancho González 0-0: Ball
1-0: Ball
2-0: Ball
3-0: Called Strike
3-1: Foul Ball, location: 2F
3-2: Base on Balls
Batting: RHB Frank de Blooys 0-0: Ball
1-0: Reached on error, E4 (Groundball, 4)
Pancho González to second
Batting: RHB Lorenzo Varela 0-0: Called Strike
0-1: Fly out, F9 (Flyball, 89M)
Batting: RHB Brian Rowe 0-0: DOUBLE (Line Drive, 9LM)
Pancho González scores
Frank de Blooys to third
Runner from 3rd tries for Home, SAFE, no throw
Batting: RHB Tae-wan Kim 0-0: Ball
1-0: Ball
2-0: Called Strike
2-1: Called Strike
2-2: Ball
3-2: DOUBLE (Line Drive, 9LM)
Brian Rowe scores
Batting: RHB Charlie Passell 0-0: Swinging Strike
0-1: Ball
1-1: Ball
2-1: Foul Ball, location: 2F
2-2: Ball
3-2: DOUBLE (Line Drive, 7LM)
Tae-wan Kim scores
Batting: SHB Naif Na'Il bin Musa 0-0: Called Strike
0-1: Ball
1-1: Foul Ball, location: 2F
1-2: Foul Ball, location: 2F
1-2: Strikes out swinging
Top of the 3rd over - 4 runs, 3 hits, 1 error, 1 left on base; Chicago 5 - Mancelona 0
BOTTOM OF THE 3RD
Mancelona Torch batting - Pitching for Chicago Tula : RHP Carlos Vargas
Batting: RHB Marty Aspen 0-0: Called Strike
0-1: Ball
1-1: Called Strike
1-2: Ball
2-2: SINGLE (Flyball, 89S)
Batting: RHB Hjalmar Bisseling 0-0: Ball
1-0: Called Strike
1-1: Ball
2-1: Swinging Strike
2-2: Grounds into double play, 6-4-3 (Groundball, 6)
Batting: SHB Carlos Morales 0-0: Ball
1-0: Foul Ball, location: 2F
1-1: Fly out, F8 (Flyball, 8RM)
Bottom of the 3rd over - 0 runs, 1 hit, 0 errors, 0 left on base; Chicago 5 - Mancelona 0
TOP OF THE 4TH
Chicago Tula batting - Pitching for Mancelona Torch : LHP Jong-yong Ha
Batting: SHB Sean Worley 0-0: Ball
1-0: Foul Ball, location: 2F
1-1: Ball
2-1: Ball
3-1: Base on Balls
Pitching: LHP Raúl Hinojosa
Batting: RHB Eric Deweese 0-0: Ball
1-0: Ball
2-0: Reached on error, E5 (Groundball, 56S)
Sean Worley to third
Batting: LHB Pancho González 0-0: Ball
1-0: Called Strike
1-1: Foul Ball, location: 2F
1-2: Ball
2-2: Ground out 4-3 (Groundball, 4)
Sean Worley scores
Eric Deweese to third
Batting: RHB Frank de Blooys 0-0: Ball
1-0: Called Strike
1-1: Ball
2-1: Ground out 6-3 (Groundball, 6)
Eric Deweese scores
Batting: RHB Lorenzo Varela 0-0: Fly out, F7 (Flyball, 7S)
Top of the 4th over - 2 runs, 0 hits, 1 error, 0 left on base; Chicago 7 - Mancelona 0
BOTTOM OF THE 4TH
Mancelona Torch batting - Pitching for Chicago Tula : RHP Carlos Vargas
Batting: LHB Charles Godard 0-0: Ground out 5-3 (Groundball, 56)
Batting: LHB Ed Holte 0-0: Ball
1-0: Called Strike
1-1: Ball
2-1: Called Strike
2-2: Ball
3-2: Fly out, F7 (Flyball, 7)
Batting: RHB Bryan Uchacz 0-0: Called Strike
0-1: Swinging Strike
0-2: Strikes out looking
Bottom of the 4th over - 0 runs, 0 hits, 0 errors, 0 left on base; Chicago 7 - Mancelona 0
TOP OF THE 5TH
Chicago Tula batting - Pitching for Mancelona Torch : LHP Raúl Hinojosa
Batting: RHB Brian Rowe 0-0: Ball
1-0: Ground out 2-3 (Groundball, 13S)
Batting: RHB Tae-wan Kim 0-0: Ball
1-0: SINGLE (Groundball, 34S) (infield hit)
Batting: RHB Charlie Passell 0-0: Called Strike
0-1: Swinging Strike
0-2: Strikes out swinging
Batting: SHB Naif Na'Il bin Musa 0-0: Ball
1-0: Ball
2-0: Fly out, F8 (Flyball, 8LD)
Top of the 5th over - 0 runs, 1 hit, 0 errors, 1 left on base; Chicago 7 - Mancelona 0
BOTTOM OF THE 5TH
Mancelona Torch batting - Pitching for Chicago Tula : RHP Carlos Vargas
Batting: SHB Arend van der Veen 0-0: Ball
1-0: Foul Ball, location: 2F
1-1: Ball
2-1: Foul Ball, location: 2F
2-2: Ball
3-2: Strikes out swinging
Batting: LHB Duncan Witteman 0-0: Foul Ball, location: 2F
0-1: Foul Ball, location: 2F
0-2: Strikes out looking
Batting: RHB Magtanggol Florencio 0-0: Ball
1-0: Called Strike
1-1: Ball
2-1: Foul Ball, location: 2F
2-2: Strikes out swinging
Bottom of the 5th over - 0 runs, 0 hits, 0 errors, 0 left on base; Chicago 7 - Mancelona 0
TOP OF THE 6TH
Chicago Tula batting - Pitching for Mancelona Torch : LHP Raúl Hinojosa
Batting: SHB Sean Worley 0-0: Swinging Strike
0-1: Swinging Strike
0-2: Strikes out looking
Batting: RHB Eric Deweese 0-0: Foul Ball, location: 2F
0-1: Ball
1-1: Ball
2-1: Foul Ball, location: 2F
2-2: Foul Ball, location: 2F
2-2: Ball
3-2: Foul Ball, location: 2F
3-2: Base on Balls
Batting: LHB Pancho González 0-0: Foul Ball, location: 2F
0-1: Foul Ball, location: 2F
0-2: Strikes out swinging
Batting: RHB Frank de Blooys 0-0: Called Strike
0-1: Ball
1-1: Called Strike
1-2: Strikes out looking
Top of the 6th over - 0 runs, 0 hits, 0 errors, 1 left on base; Chicago 7 - Mancelona 0
BOTTOM OF THE 6TH
Mancelona Torch batting - Pitching for Chicago Tula : RHP Carlos Vargas
Batting: RHB Marty Aspen 0-0: Foul Ball, location: 2F
0-1: Foul Ball, location: 2F
0-2: Ball
1-2: Ball
2-2: Ball
3-2: Foul Ball, location: 2F
3-2: Ground out 5-3 (Groundball, 5)
Batting: RHB Hjalmar Bisseling 0-0: Ball
1-0: Foul Ball, location: 2F
1-1: Ground out 3-1 (Groundball, 34S)
Batting: SHB Carlos Morales 0-0: Foul Ball, location: 2F
0-1: Called Strike
0-2: Ball
1-2: Foul Ball, location: 2F
1-2: Ball
2-2: Fly out, F5 (Popup, 5SF)
Bottom of the 6th over - 0 runs, 0 hits, 0 errors, 0 left on base; Chicago 7 - Mancelona 0
TOP OF THE 7TH
Chicago Tula batting - Pitching for Mancelona Torch : LHP Raúl Hinojosa
Batting: RHB Lorenzo Varela 0-0: Ground out U3 (Groundball, 34)
Batting: RHB Brian Rowe 0-0: Ground out 6-3 (Groundball, 56)
Batting: RHB Tae-wan Kim 0-0: Foul Ball, location: 2F
0-1: Ball
1-1: Fly out, F9 (Flyball, 9S)
Top of the 7th over - 0 runs, 0 hits, 0 errors, 0 left on base; Chicago 7 - Mancelona 0
BOTTOM OF THE 7TH
Mancelona Torch batting - Pitching for Chicago Tula : RHP Carlos Vargas
Batting: LHB Charles Godard 0-0: Ball
1-0: Ball
2-0: Called Strike
2-1: Called Strike
2-2: Foul Ball, location: 2F
2-2: Ground out 4-3 (Groundball, 4)
Batting: LHB Ed Holte 0-0: Called Strike
0-1: Fly out, F8 (Flyball, 89D)
Batting: RHB Bryan Uchacz 0-0: Ball
1-0: Ground out 6-3 (Groundball, 6)
Bottom of the 7th over - 0 runs, 0 hits, 0 errors, 0 left on base; Chicago 7 - Mancelona 0
TOP OF THE 8TH
Chicago Tula batting - Pitching for Mancelona Torch : LHP Raúl Hinojosa
Batting: RHB Charlie Passell 0-0: Ball
1-0: Ball
2-0: Ball
3-0: Base on Balls
Batting: SHB Naif Na'Il bin Musa 0-0: Ball
1-0: Ball
2-0: Called Strike
2-1: Called Strike
2-2: Foul Ball, location: 2F
2-2: Ball
3-2: Foul Ball, location: 2F
3-2: Foul Ball, location: 2F
3-2: Fielders Choice at 2nd, 6-4 (Groundball, 6D)
Batting: SHB Sean Worley 0-0: Ball
1-0: Ball
2-0: Foul Ball, location: 2F
2-1: Swinging Strike
2-2: Strikes out looking
Batting: RHB Eric Deweese 0-0: Called Strike
0-1: Ball
1-1: Swinging Strike
1-2: Foul Ball, location: 2F
1-2: Foul Ball, location: 2F
1-2: Strikes out swinging
Top of the 8th over - 0 runs, 0 hits, 0 errors, 1 left on base; Chicago 7 - Mancelona 0
BOTTOM OF THE 8TH
Mancelona Torch batting - Pitching for Chicago Tula : RHP Carlos Vargas
Now in RF: Fernando Flores
Batting: SHB Arend van der Veen 0-0: Fly out, F9 (Flyball, 9)
Batting: LHB Duncan Witteman 0-0: Ball
1-0: Swinging Strike
1-1: SINGLE (Line Drive, 34)
Batting: RHB Magtanggol Florencio 0-0: Called Strike
0-1: Ball
1-1: Ball
2-1: Called Strike
2-2: Foul Ball, location: 2F
2-2: Ball
3-2: Foul Ball, location: 2F
3-2: SINGLE (Line Drive, 9LS)
Duncan Witteman to second
Runner from 2nd tries for 3rd, SAFE, no throw
Pitching: LHP Carlos De La Garza
Batting: RHB Marty Aspen 0-0: Foul Ball, location: 2F
0-1: Ball
1-1: DOUBLE (Line Drive, 89D)
Duncan Witteman scores
Magtanggol Florencio to third
Batting: RHB Hjalmar Bisseling 0-0: Ball
1-0: Ball
2-0: Called Strike
2-1: Foul Ball, location: 2F
2-2: Foul Ball, location: 2F
2-2: SINGLE (Groundball, 4D)
Magtanggol Florencio scores
Marty Aspen to third
Runner from 3rd tries for Home, SAFE, no throw
Batting: SHB Carlos Morales 0-0: Called Strike
0-1: Ball
1-1: SINGLE (Line Drive, 8RS)
Hjalmar Bisseling to second
Batting: LHB Charles Godard 0-0: Grounds into double play, 4-6-3 (Groundball, 4)
Bottom of the 8th over - 3 runs, 5 hits, 0 errors, 1 left on base; Chicago 7 - Mancelona 3
TOP OF THE 9TH
Chicago Tula batting - Pitching for Mancelona Torch : LHP Raúl Hinojosa
Batting: LHB Pancho González 0-0: Ball
1-0: Swinging Strike
1-1: Ground out 5-3 (Groundball, 5)
Batting: RHB Frank de Blooys 0-0: Called Strike
0-1: Ball
1-1: Called Strike
1-2: Strikes out looking
Batting: RHB Lorenzo Varela 0-0: Ball
1-0: Called Strike
1-1: SINGLE (Flyball, 7S)
Batting: RHB Brian Rowe 0-0: Ball
1-0: Fly out, F9 (Line Drive, 89M)
Top of the 9th over - 0 runs, 1 hit, 0 errors, 1 left on base; Chicago 7 - Mancelona 3
BOTTOM OF THE 9TH
Mancelona Torch batting - Pitching for Chicago Tula : LHP Carlos De La Garza
Pitching: RHP Peer Aarsen
Batting: LHB Ed Holte 0-0: Ball
1-0: Foul Ball, location: 2F
1-1: Ball
2-1: Ground out 4-3 (Groundball, 4)
Batting: RHB Bryan Uchacz 0-0: Ball
1-0: Ball
2-0: SINGLE (Line Drive, 78S)
Batting: SHB Arend van der Veen 0-0: Called Strike
0-1: Swinging Strike
0-2: Strikes out looking
Batting: LHB Duncan Witteman 0-0: Called Strike
0-1: SINGLE (Line Drive, 34)
Bryan Uchacz to second
Batting: RHB Magtanggol Florencio 0-0: Fly out, F1 (Line Drive, 15S)
Bottom of the 9th over - 0 runs, 2 hits, 0 errors, 2 left on base; Chicago 7 - Mancelona 3
Friday, March 29th, 2019 - OOTP Baseball 18.8 Build 76